 Dungeon Crawl Stone Soup version 0.26-a0-652-gafc20e3620 (webtiles) character file.

Game seed: 17458034873263289031

308 Flugkiller the Ruffian (level 6, 0/62 HPs)
             Began as an Ogre Transmuter on Oct 2, 2020.
             Was an Initiate of Cheibriados.
             Slain by an orc wizard
             ... wielding a +0 dagger
              (1 damage)
             ... on level 6 of the Dungeon.
             The game lasted 00:08:26 (1600 turns).

Flugkiller the Ruffian (Ogre Transmuter)            Turns: 1600, Time: 00:08:27

Health: 0/62       AC:  4    Str: 28    XL:     6   Next: 40%
Magic:  2/9        EV: 10    Int: 17    God:    Cheibriados [......]
Gold:   111        SH:  0    Dex: 10    Spells: 5/9 levels left

rFire    . . .     SeeInvis .     - Unarmed
rCold    . . .     Faith    .   (no shield)
rNeg     . . .     Spirit   .   a - +0 robe
rPois    .         Reflect  .   (helmet restricted)
rElec    .         Harm     .   (no cloak)
rCorr    .         Rampage  .   (gloves unavailable)
MR       .....                  (boots unavailable)
Stlth    +.........             (no amulet)
HPRegen  0.20/turn              h - +6 ring of strength
MPRegen  0.11/turn              k - +6 ring of strength

@: brilliant, lethally poisoned (0 -> -1), about to teleport, very slightly
contaminated, slow
A: large, unfitting armour, hooves 1, shaggy fur 1, tough skin 1
a: Bend Time, Renounce Religion


You were on level 6 of the Dungeon.
You worshipped Cheibriados.
Cheibriados was noncommittal.
You visited 2 branches of the dungeon, and saw 7 of its levels.

You collected 111 gold pieces.

Inventory:

Hand Weapons
 j - a +0 dagger of electrocution
   (You took it off an orc wizard on level 5 of the Dungeon)
Armour
 a - a +0 robe (worn)
Magical Staves
 r - an uncursed staff of death {unknown}
   (You found it on level 5 of the Dungeon)
Jewellery
 h - a +6 ring of strength (left hand)
   (You found it on level 2 of the Dungeon)
 k - a +6 ring of strength (right hand)
   (You found it on level 2 of the Dungeon)
 t - an uncursed ring of wizardry {unknown}
   (You found it on level 5 of the Dungeon)
 u - an uncursed ring of fire {unknown}
   (You found it on level 6 of the Dungeon)
Wands
 p - a wand of flame (23)
   (You found it on level 3 of the Dungeon)
 q - a wand of polymorph (9)
   (You found it on level 5 of the Dungeon)
Scrolls
 f - a scroll of blinking
 g - a scroll of magic mapping
 m - a scroll of random uselessness {unknown}
 n - a scroll of fear
 o - a scroll of noise
 s - a scroll of fog {unknown}
Potions
 b - 2 potions of brilliance
 d - 2 potions of flight
 e - 2 potions of mutation
 i - 2 potions of curing
 l - a potion of haste


   Skills:
 + Level 3.8 Fighting
 + Level 2.6 Dodging
 * Level 4.6 Unarmed Combat
 - Level 2.4 Spellcasting
 - Level 3.0 Transmutations
 - Level 1.0 Poison Magic


You had 5 spell levels left.
You knew the following spells:

 Your Spells              Type           Power        Failure   Level
a - Beastly Appendage     Tmut           ###...       5%          1
c - Spider Form           Tmut/Pois      ##........   24%         3

Your spell library contained the following spells:

 Spells                   Type           Power        Failure   Level
 Wereblood                Tmut           ###.....     9%          2
 Ice Form                 Ice/Tmut       ##......     69%         4
 Blade Hands              Tmut           ###.......   83%         5


Dungeon Overview and Level Annotations

Branches:
Dungeon (6/15)             Temple (1/1) D:5

Altars:
Cheibriados
Okawaru

Annotations:
D:5 2 transporters, Mygna's ghost, weakling KoDe


Innate Abilities, Weirdness & Mutations

You are too large for most types of armour.
You have tough skin. (AC +1)
You have large cloven feet.
You are covered in fur. (AC +1)


Message History

The orc wizard points at you and mumbles some strange words.
The magic dart hits you.
Unknown command.
Casting: Spider Form (dangerous; 24% risk of failure)
Confirm with . or Enter, or press ? or * to list all spells.
You miscast Spider Form.
You are very lightly contaminated with residual magic.
Nothing appears to happen.
The orc priest casts a cantrip, but nothing happens.
The orc wizard barely misses you.
There are monsters nearby!
Unknown command.
Casting: Spider Form (dangerous; 24% risk of failure)
Confirm with . or Enter, or press ? or * to list all spells.
You miscast Spider Form.
You feel odd!
You are poisoned.
You feel sick.
The orc wizard hits you with a +0 dagger.
The orc priest closely misses you.
The orc wizard hits you with a +0 dagger.
Unknown command.
Casting: Spider Form (dangerous; 24% risk of failure)
Confirm with . or Enter, or press ? or * to list all spells.
You don't have enough magic to cast that spell.
Okay, then.
It was a potion of brilliance.
You feel clever all of a sudden.
The orc priest hits you with a +0 dagger.
The orc wizard hits you but does no damage.
As you read the scroll of teleportation, it crumbles to dust.
You feel strangely unstable.
The orc wizard hits you with a +0 dagger.
* * * LOW HITPOINT WARNING * * *
The orc priest invokes the aid of Beogh against you.
Beogh smites you!
* * * LOW HITPOINT WARNING * * *
The orc wizard casts a spell at you. The magic dart hits you.
* * * LOW HITPOINT WARNING * * *
You feel sick.
The orc wizard hits you but does no damage.
The orc priest hits you but does no damage.
Unknown command.
The orc wizard hits you but does no damage.
Unknown command.
The orc priest mumbles some strange prayers to Beogh against you.
Beogh smites you!
* * * LOW HITPOINT WARNING * * *
The orc wizard hits you with a +0 dagger.
You die...

..[.(...###.........#
.#.#.....#..........#+##
...##...####.#)........#
#.......#>.............#
<.......#.##.#.........#
#.#.......
#[#.........##
........#.
#.#..........# ##.#.##.#
#.#....o.....# ........
..#..@o......#
...#....##########+##.#
.##... # ..


You could see an orc priest and an orc wizard (fast).

Vanquished Creatures
  A howler monkey (D:5)
  2 hounds (D:5)
  A jelly (D:5)
  2 orc wizards (D:5)
  2 worker ants
  A worker ant zombie (D:5)
  A white imp (D:5)
  An ooze (D:2)
  3 worms
  A dart slug (D:1)
  A leopard gecko (D:2)
  4 orcs
  A ball python (D:4)
  3 bats
  2 giant cockroaches
  5 goblins
  3 hobgoblins (D:1)
  3 kobolds
  2 quokkas
  3 frilled lizards
  6 rats
48 creatures vanquished.

Notes
Turn   | Place    | Note
-------+----------+-------------------------------------------
     0 | D:1      | Flugkiller the Ogre Transmuter began the quest for the Orb.
     0 | D:1      | Reached XP level 1. HP: 19/19 MP: 3/3
   126 | D:1      | Reached skill level 3 in Unarmed Combat
   136 | D:1      | Reached XP level 2. HP: 28/28 MP: 5/5
   456 | D:2      | Reached XP level 3. HP: 36/36 MP: 4/6
   692 | D:2      | Learned a level 3 spell: Spider Form
   813 | D:4      | Noticed a phantom
   993 | D:3      | You fall into a shaft and drop 2 floors!
   993 | D:5      | Entered Level 5 of the Dungeon
  1001 | D:5      | Found a transporter.
  1002 | D:5      | Noticed Mygna's ghost (weakling KoDe)
  1025 | D:5      | Reached skill level 1 in Poison Magic
  1025 | D:5      | Reached XP level 4. HP: 21/44 MP: 3/7
  1091 | D:4      | Noticed a phantom
  1124 | D:5      | Found a staircase to the Ecumenical Temple.
  1151 | D:5      | Reached XP level 5. HP: 9/52 MP: 4/8
  1171 | D:5      | Reached skill level 4 in Unarmed Combat
  1192 | D:5      | Reached XP level 6. HP: 24/61 MP: 5/9
  1240 | Temple   | Entered the Ecumenical Temple
  1245 | Temple   | Became a worshipper of Cheibriados the Contemplative
  1364 | D:5      | Gained mutation: You have large cloven feet. [potion of
                  | mutation]
  1364 | D:5      | Gained mutation: You are dopey. (Int -2) [potion of
                  | mutation]
  1364 | D:5      | Lost mutation: You are dopey. (Int -2) [potion of mutation]
  1364 | D:5      | Gained mutation: You are covered in fur. (AC +1) [potion of
                  | mutation]
  1439 | D:5      | Found a transporter.
  1600 | D:6      | HP: 1/62 [orc priest/divine providence (12)]
  1600 | D:6      | Slain by an orc wizard

Illustrated notes

Levels and vault maps discovered:
D:1:      psy_arrival_fountain, layout_loops_cross, chequers_garden
D:2:      layout_loops_ring, bloody_trog
D:3:      layout_loops_ring, kennysheep_small_spiral
D:4:      layout_cave_pools, uniq_edmund
D:5:      layout_basic, minmay_temple_entry_statues, gammafunk_ghost_stat_death,
          minmay_misc_feat_diagonals
D:6:      layout_basic, kennysheep_mini, uniq_grinder
Temple:   nicolae_temple_elliptical

Skill      XL: |  1  2  3  4  5 |
---------------+----------------+-----
Unarmed Combat | 3 4 |  4.6
Fighting       | 2 3 |  3.8
Transmutations | 2 3 |  3.0
Poison Magic   | 1 |  1.0
Dodging        | 2 |  2.6
Spellcasting   | |  2.4

Action                   |  1- 3 |  4- 6 || total
-------------------------+-------+-------++-------
Melee: Unarmed           |   119 |    55 ||   174
       Kick              |    17 |     2 ||    19
       Headbutt          |     8 |       ||     8
       Punch             |     1 |     3 ||     4
 Cast: Beastly Appendage |    15 |     2 ||    17
       Spider Form       |     1 |     6 ||     7
Evoke: Wand              |       |     1 ||     1
  Use: Scroll            |       |    12 ||    12
       Potion            |       |     3 ||     3
 Stab: Sleeping          |     1 |       ||     1
Armor: Robe              |    35 |    11 ||    46
       Skin              |       |     3 ||     3
Dodge: Dodged            |    65 |    29 ||    94

Table legend: (Time is in decaauts)
 A = Elapsed time spent in this place.
 B = Non-inter-level travel time spent in this place.
 C = Inter-level travel time spent in this place.
 D = Time resting spent in this place.
 E = Time spent auto-exploring this place.
 F = Levels seen in this place.
 G = Mean time per level.
                   A        B        C        D        E       F      G
               +--------+--------+--------+--------+--------+-----+--------+
         Total |   1687 |   1687 |      0 |      0 |      0 |   7 |  241.0 |
       Dungeon |   1675 |   1675 |      0 |      0 |      0 |   6 |  279.2 |
        Temple |     11 |     11 |      0 |      0 |      0 |   1 |   11.0 |
               +--------+--------+--------+--------+--------+-----+--------+

Top non-repeatable levels by time:
     D:5: 531 daAuts
     D:2: 452 daAuts
     D:1: 283 daAuts
     D:3: 243 daAuts
     D:6: 95 daAuts
     D:4: 67 daAuts
  Temple: 11 daAuts
